 Dungeon Crawl Stone Soup version 0.22.1-1-ga44c0e5 (webtiles) character file.

5924 MTVSty1e the Cleaver (level 10, -1/96 HPs)
             Began as a Minotaur Fighter on Oct 24, 2018.
             Was a Believer of Okawaru.
             Slain by a warg (8 damage)
             ... on level 9 of the Dungeon.
             The game lasted 00:16:26 (9599 turns).

MTVSty1e the Cleaver (Minotaur Fighter)             Turns: 9599, Time: 00:16:27

Health: -1/96      AC: 11    Str: 29    XL:     10   Next: 53%
Magic:  9/9        EV:  7    Int:  5    God:    Okawaru [**....]
Gold:   542        SH: 10    Dex: 10    Spells: 9/9 levels left

rFire    + . .     SeeInvis .   w - +1 hand axe (chop)
rCold    + + .     Gourm    .   c - +0 shield
rNeg     . . .     Faith    .   b - +1 scale mail
rPois    .         Spirit   .   (helmet restricted)
rElec    .         Reflect  .   r - scarf {rC+ rF+}
rCorr    .         Harm     .   n - +1 pair of gloves
MR       .....                  H - +0 pair of boots
Stlth    ..........             (no amulet)
HPRegen  0.26/turn              h - ring of protection from cold
MPRegen  0.11/turn              (no ring)

@: mighty
A: retaliatory headbutt, horns 2
a: Heroism, Renounce Religion


You were on level 9 of the Dungeon.
You worshipped Okawaru.
Okawaru was pleased with you.
You were hungry.

You visited 2 branches of the dungeon, and saw 10 of its levels.
You also visited: Sewer and Ossuary.

You collected 542 gold pieces.

Inventory:

Hand Weapons
 a - a +1 war axe
 w - a +1 hand axe of chopping (weapon)
 F - a +3 scimitar
Armour
 b - a +1 scale mail (worn)
 c - a +0 shield (worn)
 n - a +1 pair of gloves (worn)
 r - a scarf of resistance (worn)
 H - a +0 pair of boots (worn)
Jewellery
 h - a ring of protection from cold (left hand)
 l - an uncursed amulet of harm
 x - an uncursed ring of protection from cold
 I - an uncursed ring of protection from magic {unknown}
Wands
 p - a wand of iceblast (22)
 s - a wand of flame (48)
 u - a wand of random effects (85)
Scrolls
 m - 5 scrolls of magic mapping
 o - 3 scrolls of enchant armour
 q - 4 scrolls of amnesia
 t - 4 scrolls of fog
 v - 2 scrolls of teleportation
 y - 7 scrolls of identify
 C - a scroll of remove curse
 G - a scroll of noise {unknown}
Potions
 d - 2 potions of might
 e - 11 potions of curing
 g - 6 potions of haste {unknown}
 i - 2 potions of flight {unknown}
 j - 2 potions of degeneration {unknown}
 k - 4 potions of heal wounds {unknown}
 z - 3 potions of cancellation {unknown}
 A - 2 potions of lignification {unknown}
 B - a potion of magic {unknown}
 D - a potion of resistance {unknown}
 E - 2 potions of invisibility {unknown}
 J - 3 potions of ambrosia {unknown}
Comestibles
 f - 14 rations


   Skills:
 + Level 11.4 Fighting
 * Level 14.8 Axes
 - Level 3.6 Armour
 - Level 3.6 Shields


You had 9 spell levels left.
You didn't know any spells.
Your spell library contained the following spells:

 Spells                   Type           Power        Failure   Level  Hunger
 Flame Tongue             Conj/Fire      #....        99%         1    ##.....
 Magic Dart               Conj           #...         99%         1    ##.....
 Searing Ray              Conj           #.....       100%        2    ###....
 Throw Flame              Conj/Fire      #.....       100%        2    ###....
 Conjure Flame            Conj/Fire      #.......     100%        3    ####...
 Dazzling Spray           Conj/Hex       #.....       100%        3    ####...
 Inner Flame              Hex/Fire       #.......     100%        3    ####...
 Force Lance              Conj/Tloc      #.......     100%        4    #####..
 Fulminant Prism          Conj/Hex       #.........   100%        4    #####..
 Iskenderun's Mystic Bla  Conj           #.......     100%        4    #####..
 Sticky Flame             Conj/Fire      #.......     100%        4    #####..
 Fireball                 Conj/Fire      #.........   100%        5    ######.


Dungeon Overview and Level Annotations

Branches:
Dungeon (9/15)             Temple (1/1) D:7             Orc (0/2) D:9
   Lair: D:8-11

Altars:
Dithmenos
Gozag
Nemelex Xobeh
Okawaru
Qazlal
Vehumet
Wu Jian
Xom
Zin

Shops:
D:5 %?

Annotations:
D:6 2 runed doors, emiel's ghost, novice FoFi


Innate Abilities, Weirdness & Mutations

You reflexively headbutt those who attack you in melee.
You have a pair of horns on your head.


Message History

The hippogriff claws you but does no damage.
The warg bites you! The warg bites you.
* * * LOW HITPOINT WARNING * * *
The warg bites you!
* * * LOW HITPOINT WARNING * * *
The warg bites you.
* * * LOW HITPOINT WARNING * * *
You block the warg's attack. You block the warg's attack. x2
You block the warg's attack. You block the warg's attack.
You block the warg's attack. The warg bites you but does no damage.
The warg barely misses you. The warg bites you but does no damage.
The warg bites you.
* * * LOW HITPOINT WARNING * * *
The warg bites you!
* * * LOW HITPOINT WARNING * * *
The warg bites you!
You die...

..........# ..........#
..........##### .. #
######........# .....#
#........# .....+
#........# #####.....#
#.......h# #....<....#
#.....H.h#######..........
#......hh@...........# ###
#..#######...........#
#..# #...........# #..#
#...........# #..
#...........##### #.
#................
................#'
.................#.
....############...#.


You could see a hippogriff and 4 wargs.

Vanquished Creatures
  2 hippogriffs
  9 yaks (D:9)
  A hungry ghost (D:8)
  An orc warrior (D:8)
  2 ice beasts
  A sky beast (D:8)
  3 necrophages
  5 ogres
  3 centaurs
  A crocodile (D:9)
  6 bullfrogs
  An elf zombie (Ossuary)
  A water moccasin zombie (D:5)
  4 scorpions
  4 wights (D:6)
  2 howler monkeys (D:4)
  4 crimson imps
  A centaur zombie (Ossuary)
  2 bullfrog zombies
  3 jellies
  A human zombie (Ossuary)
  3 orc priests
  Crazy Yiuf (D:5)
  A centaur skeleton (D:9)
  3 hounds
  3 iguanas
  Natasha (twice) (D:4)
  12 orc wizards
  8 worker ants
  4 hound zombies
  A hound skeleton (D:8)
  2 mummies (Ossuary)
  A howler monkey zombie (D:5)
  3 worker ant zombies (D:5)
  10 gnolls
  A howler monkey skeleton (D:4)
  3 river rats
  15 adders
  3 shadow imps
  4 oozes
  3 adder zombies
  4 adder skeletons
  5 worms
  A dart slug (D:2)
  5 leopard geckos
  16 orcs
  4 giant cockroaches
  3 goblins
  6 hobgoblins
  2 jackals (D:5)
  4 quokkas
  15 ball pythons
  8 bats
  7 frilled lizards
  12 hobgoblin zombies (Ossuary)
  A jackal zombie (Ossuary)
  8 kobolds
  4 kobold zombies (Ossuary)
  A leopard gecko skeleton (D:5)
  A leopard gecko zombie (D:5)
  10 orc zombies (Ossuary)
  A quokka skeleton (D:5)
  A quokka zombie (D:9)
  32 rats
  6 rat zombies (Ossuary)
297 creatures vanquished.

Notes
Turn   | Place    | Note
-------+----------+-------------------------------------------
     0 | D:1      | MTVSty1e the Minotaur Fighter began the quest for the Orb.
     0 | D:1      | Reached XP level 1. HP: 19/19 MP: 0/0
   105 | D:1      | Reached skill level 3 in Axes
   278 | D:1      | Reached XP level 2. HP: 27/27 MP: 1/1
   804 | D:2      | Reached XP level 3. HP: 33/33 MP: 2/2
  1079 | D:2      | Reached skill level 4 in Axes
  1199 | D:2      | Found an ornate altar of the Wu Jian Council.
  1390 | D:3      | Found a shimmering altar of Xom.
  1398 | D:3      | Reached XP level 4. HP: 41/41 MP: 3/3
  1689 | D:3      | Found a faded altar of an unknown god.
  2267 | D:4      | Noticed an ogre
  2270 | D:4      | Reached skill level 5 in Axes
  2273 | D:4      | Killed an ogre
  2273 | D:4      | Reached skill level 5 in Fighting
  2273 | D:4      | Reached XP level 5. HP: 40/48 MP: 4/4
  2277 | D:4      | Reached skill level 6 in Axes
  2347 | D:4      | Noticed an ice beast
  2350 | D:4      | Noticed an ogre
  2357 | D:4      | Killed an ice beast
  2357 | D:4      | Reached XP level 6. HP: 30/57 MP: 5/5
  2359 | D:4      | Reached skill level 7 in Axes
  2614 | D:4      | Reached XP level 7. HP: 30/63 MP: 6/6
  2899 | D:4      | Reached skill level 8 in Axes
  2990 | D:4      | Noticed Natasha
  2997 | D:4      | Killed Natasha
  3156 | D:4      | Noticed Natasha
  3163 | D:4      | Killed Natasha
  3385 | D:5      | Entered Level 5 of the Dungeon
  3395 | D:5      | Found Xinuahir's Food Shop.
  3548 | D:5      | Found a glowing drain.
  3556 | Sewer    | Entered a sewer
  3589 | Sewer    | Reached skill level 9 in Axes
  3792 | Sewer    | Reached XP level 8. HP: 43/73 MP: 7/7
  4252 | D:5      | Noticed a hippogriff
  4263 | D:5      | Killed a hippogriff
  4263 | D:5      | Reached skill level 10 in Axes
  4451 | D:5      | Found Ratogup's Magic Scroll Boutique.
  4491 | D:5      | Found an opulent altar of Gozag.
  4595 | D:5      | Found a runed door.
  4837 | D:5      | Noticed Crazy Yiuf
  4840 | D:5      | Killed Crazy Yiuf
  4899 | D:6      | Reached skill level 11 in Axes
  5065 | D:6      | Found a sand-covered staircase.
  5071 | Ossuary  | Entered an ossuary
  5246 | Ossuary  | Reached XP level 9. HP: 81/82 MP: 8/8
  5434 | D:6      | Reached skill level 12 in Axes
  5481 | D:6      | Found a runed door.
  5485 | D:6      | Noticed emiel's ghost (novice FoFi)
  5760 | D:6      | Found a runed door.
  5954 | D:6      | Found a shadowy altar of Dithmenos.
  6129 | D:7      | Found a radiant altar of Vehumet.
  6311 | D:7      | Reached skill level 10 in Fighting
  6324 | D:7      | Found a staircase to the Ecumenical Temple.
  6375 | D:7      | Reached skill level 13 in Axes
  6406 | Temple   | Entered the Ecumenical Temple
  6438 | Temple   | Became a worshipper of Warmaster Okawaru
  7465 | D:8      | Found a sparkling altar of Nemelex Xobeh.
  7469 | D:8      | Reached XP level 10. HP: 94/94 MP: 9/9
  7772 | D:8      | Reached * piety under Okawaru
  8719 | D:9      | Reached skill level 14 in Axes
  9137 | D:9      | Reached ** piety under Okawaru
  9397 | D:9      | Found a glowing silver altar of Zin.
  9582 | D:9      | Found a staircase to the Orcish Mines.
  9599 | D:9      | Slain by a warg

Skill      XL: |  1  2  3  4  5  6  7  8  9 10 |
---------------+-------------------------------+-----
Axes           | 3 4 5 6 7 9 11 13 14 | 14.8
Fighting       | 4 5 6 7 8 10 11 | 11.4
Armour         | |  3.6
Shields        | |  3.6

Action                   |  1- 3 |  4- 6 |  7- 9 | 10-12 || total
-------------------------+-------+-------+-------+-------++-------
Melee: War axe           |    99 |    79 |     8 |       ||   186
       Headbutt          |     9 |    11 |    99 |    21 ||   140
       Hand axe          |       |       |   595 |   116 ||   711
  Use: Scroll            |     7 |     1 |     8 |       ||    16
       Potion            |       |       |       |     3 ||     3
  Eat: Ration            |     1 |     1 |     5 |     1 ||     8
       Chunk             |       |       |       |     2 ||     2
Armor: Scale mail        |    59 |    30 |   177 |    30 ||   296
Dodge: Dodged            |    39 |    11 |   111 |    25 ||   186
Block: Shield            |    53 |    32 |   199 |    49 ||   333
